 Dungeon Crawl Stone Soup version 0.22.0 (webtiles) character file.

16055819 NormalPerson7T the Conqueror (level 27, 179/179 HPs)
             Began as a Gargoyle Gladiator on Aug 10, 2018.
             Was the Champion of the Shining One.
             Escaped with the Orb
             ... and 15 runes on Aug 11, 2018!
             The game lasted 04:24:25 (97455 turns).

NormalPerson7T the Conqueror (Gargoyle Gladiator)  Turns: 97455, Time: 04:24:30

Health: 179/179    AC: 66    Str: 23    XL:     27
Magic:  40/40      EV: 20    Int: 16    God:    the Shining One [******]
Gold:   6788       SH: 32    Dex: 16    Spells: 19/26 levels left

rFire    + + +     SeeInvis .   j - +9 sacred scourge (holy)
rCold    + + +     Gourm    .   m - +1 large shield {rF+}
rNeg     + + +     Faith    .   N - +11 gold dragon scales {rF+ rC+ rPois}
rPois    ∞         Spirit   .   C - +2 hat
rElec    +         Reflect  +   z - scarf {repulsion}
rCorr    .         Harm     .   R - +4 pair of gloves "Zasexi" {rC++ Int+4 Dex+4}
MR       ++++.                  G - +0 pair of boots of Unreason {MR++}
Stlth    ..........             B - +5 amulet of reflection
HPRegen  0.00/turn              A - +4 ring of protection
MPRegen  0.27/turn              F - ring of protection from fire

@: flying, hasted, glowing, repel missiles, very quick
A: big wings, horns 2, blurry vision 1, clumsy 1, deformed body, frail 1,
negative energy resistance 1, electricity resistance, inhibited regeneration,
weak 1, unbreathing, petrification resistance, rot immunity, subdued magic 2, AC
+20
0: Orb of Zot
}: 15/15 runes: decaying, serpentine, slimy, silver, golden, iron, obsidian,
icy, bone, abyssal, demonic, glowing, magical, fiery, dark
a: Stop Flying, Divine Shield, Cleansing Flame, Summon Divine Warrior, Renounce
Religion


You escaped.
You worshipped the Shining One.
The Shining One was exalted by your worship.
You were not hungry.

You visited 18 branches of the dungeon, and saw 90 of its levels.
You visited Pandemonium 2 times, and saw 19 of its levels.
You visited the Abyss 5 times.
You also visited: Trove, Sewer and Ice Cave.

You collected 8572 gold pieces.
You spent 1784 gold pieces at shops.

Inventory:

Hand Weapons
 j - a +9 sacred scourge of holy wrath (weapon)
Missiles
 d - 13 throwing nets (quivered) {!f}
Armour
 m - a +1 large shield of fire resistance (worn)
 z - a scarf of repulsion (worn)
 C - a +2 hat (worn)
 G - the +0 pair of boots of Unreason (worn) {MR++}
   (You acquired it on level 2 of the Swamp)

   It affects your resistance to hostile enchantments.
 N - +11 gold dragon scales (worn) {rF+ rC+ rPois}
 R - the +4 pair of gloves "Zasexi" (worn) {rC++ Int+4 Dex+4}
   (Okawaru gifted it to you on level 1 of the Depths)

   It affects your intelligence (+4).
   It affects your dexterity (+4).
   It greatly protects you from cold.
Jewellery
 A - a +4 ring of protection (left hand)
 B - a +5 amulet of reflection (around neck)
 F - a ring of protection from fire (right hand)
 M - an uncursed ring of protection from magic
 O - the ring "Ujetig" {*Slow +Fly rElec rF+ rC+}
   (You found it on level 5 of the Pits of Slime)

   [ring of flight]

   It protects you from fire.
   It protects you from cold.
   It insulates you from electricity.
   It lets you fly.
   It may slow you when you take damage.
 Y - an uncursed ring of resist corrosion
Wands
 k - a wand of paralysis (79)
 u - a wand of iceblast (34)
 E - a wand of digging (30)
 Q - a wand of acid (19)
 S - a wand of scattershot (4)
Scrolls
 g - 2 scrolls of silence {!r}
 i - 11 scrolls of identify
 p - 12 scrolls of immolation
 q - 3 scrolls of holy word
 r - 25 scrolls of remove curse
 s - 2 scrolls of summoning {!r}
 t - 13 scrolls of teleportation
 v - 13 scrolls of fear
 x - 5 scrolls of blinking
 y - a scroll of magic mapping
 W - 9 scrolls of fog
Potions
 c - 23 potions of curing
 h - 8 potions of heal wounds
 l - 6 potions of cancellation
 n - 6 potions of resistance
 o - 7 potions of ambrosia
 w - 9 potions of brilliance
 D - 6 potions of agility
 H - 3 potions of invisibility
 J - 6 potions of magic
 K - 10 potions of lignification {!q}
 L - 2 potions of mutation {!q}
 V - 7 potions of berserk rage
Miscellaneous
 b - a figurine of a ziggurat {!*}
 I - 4 sacks of spiders
 T - a lamp of fire
 U - a phial of floods
 X - a lightning rod (4/4)
 Z - 2 phantom mirrors
Comestibles
 e - 71 rations


   Skills:
 O Level 27 Fighting
 - Level 16.0 Maces & Flails
 - Level 1.7 Throwing
 O Level 27 Armour
 O Level 27 Dodging
 - Level 25.0 Shields
 - Level 14.0 Translocations
 O Level 27 Invocations
 + Level 16.6 Evocations


You had 19 spell levels left.
You knew the following spells:

 Your Spells              Type           Power        Failure   Level  Hunger
p - Apportation           Tloc           ####..       1%          1    ##.....
v - Passage of Golubria   Tloc           N/A          3%          4    #####..
X - Blink                 Tloc           N/A          1%          2    ###....

Your spell library contained the following spells:

 Spells                   Type           Power        Failure   Level  Hunger
 Cause Fear               Hex            #.........   100%        4    #####..
 Magic Dart               Conj           #...         86%         1    ##.....
 Fireball                 Conj/Fire      #.........   100%        5    ######.
 Conjure Flame            Conj/Fire      #.......     99%         3    ####...
 Bolt of Fire             Conj/Fire      #.........   100%        6    #######
 Bolt of Cold             Conj/Ice       #.........   100%        6    #######
 Lightning Bolt           Conj/Air       #.........   100%        5    ######.
 Bolt of Magma            Conj/Fire/Erth #.........   100%        5    ######.
 Confuse                  Hex            #.......     99%         3    ####...
 Invisibility             Hex            #.......     100%        6    #######
 Throw Flame              Conj/Fire      #.....       95%         2    ###....
 Freezing Cloud           Conj/Ice/Air   #.........   100%        6    #######
 Mephitic Cloud           Conj/Pois/Air  #.......     99%         3    ####...
 Ring of Flames           Chrm/Fire      #.........   100%        7    #######
 Venom Bolt               Conj/Pois      #.........   100%        5    ######.
 Teleport Other           Tloc           ####....     1%          3    ####...
 Summon Small Mammal      Summ           #...         86%         1    ##.....
 Bolt of Draining         Conj/Necr      #.........   100%        5    ######.
 Iskenderun's Mystic Bla  Conj           #.......     100%        4    #####..
 Animate Dead             Necr           N/A          100%        4    #####..
 Pain                     Necr           #...         86%         1    ##.....
 Animate Skeleton         Necr           N/A          86%         1    ##.....
 Vampiric Draining        Necr           #.........   99%         3    ####...
 Freeze                   Ice            #...         86%         1    ##.....
 Ozocubu's Refrigeration  Ice            #.........   100%        6    #######
 Sticky Flame             Conj/Fire      #.......     100%        4    #####..
 Summon Ice Beast         Ice/Summ       #.......     100%        4    #####..
 Call Imp                 Summ           #.......     95%         2    ###....
 Dispel Undead            Necr           #.......     100%        5    ######.
 Regeneration             Chrm/Necr      #.........   99%         3    ####...
 Sublimation of Blood     Necr           #.........   95%         2    ###....
 Tukima's Dance           Hex            #.......     99%         3    ####...
 Summon Demon             Summ           #.........   100%        5    ######.
 Corpse Rot               Necr           N/A          95%         2    ###....
 Iron Shot                Conj/Erth      #.........   100%        6    #######
 Stone Arrow              Conj/Erth      #.....       99%         3    ####...
 Shock                    Conj/Air       #...         86%         1    ##.....
 Swiftness                Chrm/Air       #.......     95%         2    ###....
 Recall                   Summ/Tloc      N/A          26%         3    ####...
 Agony                    Necr           #.......     100%        5    ######.
 Spider Form              Tmut/Pois      #.........   99%         3    ####...
 Blade Hands              Tmut           #.........   100%        5    ######.
 Ice Form                 Ice/Tmut       #.......     100%        4    #####..
 Dragon Form              Tmut           #.........   100%        7    #######
 Necromutation            Tmut/Necr      #.........   100%        8    #######
 Death Channel            Necr           #.........   100%        6    #######
 Deflect Missiles         Chrm/Air       #.........   100%        6    #######
 Throw Icicle             Conj/Ice       #.......     100%        4    #####..
 Airstrike                Air            #.........   100%        4    #####..
 Shadow Creatures         Summ           N/A          100%        6    #######
 Confusing Touch          Hex            #.....       86%         1    ##.....
 Flame Tongue             Conj/Fire      #....        86%         1    ##.....
 Passwall                 Tmut/Erth      #.......     95%         2    ###....
 Ignite Poison            Fire/Tmut/Pois #.......     99%         3    ####...
 Sticks to Snakes         Tmut           #.......     95%         2    ###....
 Call Canine Familiar     Summ           #.......     99%         3    ####...
 Ensorcelled Hibernation  Hex/Ice        #.....       95%         2    ###....
 Metabolic Englaciation   Hex/Ice        #.........   100%        5    ######.
 Summon Butterflies       Summ           #.......     86%         1    ##.....
 Silence                  Hex/Air        #.........   100%        5    ######.
 Static Discharge         Conj/Air       #.......     99%         3    ####...
 Corona                   Hex            #......      86%         1    ##.....
 Alistair's Intoxication  Tmut/Pois      #.......     100%        5    ######.
 Lee's Rapid Deconstruct  Erth           #.........   100%        5    ######.
 Sandblast                Erth           #.....       86%         1    ##.....
 Simulacrum               Ice/Necr       #.........   100%        6    #######
 Excruciating Wounds      Chrm/Necr      #.........   100%        5    ######.
 Petrify                  Tmut/Erth      #.......     100%        4    #####..
 Orb of Destruction       Conj           #.........   100%        7    #######
 Leda's Liquefaction      Hex/Erth       #.........   100%        4    #####..
 Summon Hydra             Summ           #.........   100%        7    #######
 Darkness                 Hex            #.........   100%        6    #######
 Shroud of Golubria       Chrm/Tloc      ##........   12%         2    ###....
 Inner Flame              Hex/Fire       #.......     99%         3    ####...
 Beastly Appendage        Tmut           #.....       86%         1    ##.....
 Iskenderun's Battlesphe  Conj/Chrm      #.......     100%        5    ######.
 Fulminant Prism          Conj/Hex       #.........   100%        4    #####..
 Dazzling Spray           Conj/Hex       #.....       99%         3    ####...
 Force Lance              Conj/Tloc      ##......     67%         4    #####..
 Searing Ray              Conj           #.....       95%         2    ###....
 Discord                  Hex            #.........   100%        8    #######
 Summon Forest            Summ/Tloc      ##........   95%         5    ######.
 Summon Lightning Spire   Summ/Air       #.......     100%        4    #####..
 Summon Guardian Golem    Hex/Summ       #.......     99%         3    ####...
 Dragon's Call            Summ           #.........   100%        9    #######
 Spellforged Servitor     Conj/Summ      #.........   100%        7    #######
 Summon Mana Viper        Hex/Summ       #.......     100%        5    ######.
 Hydra Form               Tmut           #.........   100%        6    #######
 Irradiate                Conj/Tmut      #.........   100%        5    ######.
 Gell's Gravitas          Tloc           ####......   1%          3    ####...
 Yara's Violent Unravell  Hex/Tmut       #.........   100%        5    ######.
 Lesser Beckoning         Tloc           ####......   1%          3    ####...
 Poisonous Vapours        Pois/Air       #.....       95%         2    ###....
 Ignition                 Fire           #.........   100%        8    #######
 Borgnjor's Vile Clutch   Necr/Erth      #.........   100%        5    ######.


Dungeon Overview and Level Annotations

Branches:
Dungeon (15/15)            Temple (1/1) D:7            Lair (6/6) D:9
  Swamp (4/4) Lair:3        Snake (4/4) Lair:4        Slime (5/5) Lair:6
    Orc (2/2) D:10            Elf (3/3) Orc:2        Vaults (5/5) D:13
  Crypt (3/3) Vaults:2       Tomb (3/3) Crypt:3      Depths (5/5) D:15
   Hell (1/1)                 Dis (7/7) Hell            Geh (7/7) Hell
    Coc (7/7) Hell            Tar (7/7) Hell            Zot (5/5) Depths:5

Altars:
Ashenzari
Cheibriados
Dithmenos
Elyvilon
Fedhas
Gozag
Hepliaklqana
Kikubaaqudgha
Makhleb
Nemelex Xobeh
Okawaru
Qazlal
Ru
Sif Muna
Trog
Uskayaw
Vehumet
Wu Jian
Xom
Yredelemnul
Zin
The Shining One
Beogh
Jiyva

Shops:
D:5 %   D:12 }   D:13 **   Orc:2 ((**   Elf:2 (   Snake:1 =   Snake:3 *
Vaults:2 !   Vaults:4 (   Depths:2 %   Depths:4 }=}

Portals:
Hell: Depths:1 Depths:2 Depths:3 Depths:4 Depths:5
Abyss: Depths:2 Depths:3 Depths:4
Pandemonium: Depths:1 Depths:3
Ziggurat: Depths:3

Annotations:
D:3 Grinder
D:8 1 runed door, biddum's ghost, novice HaBe
Swamp:2 1 runed door, Nilihum's ghost, adept MfGl
Elf:1 exclusion: Roxanne, Roxanne
Elf:2 3 runed doors
Vaults:2 1 runed door, Tat Loefany's ghost, adept MiBe
Vaults:3 2 runed doors, Bumal's ghost, veteran MfGl; Ojauq's ghost, legendary FoAM
Depths:2 exclusions: 2 Tzitzimimeh and 2 more exclusions
Depths:3 3 runed doors


Innate Abilities, Weirdness & Mutations

You are resistant to torment.
Your stone body is resilient. (AC +20)
You are immune to poison.
Your large and strong wings let you fly indefinitely.
You resist negative energy. (rN+)
You are resistant to electric shocks. (rElec)
You can survive without breathing.
You are immune to petrification.
You are immune to rotting.
You have a pair of horns on your head.
Scrolls take you a little longer to read.
You are clumsy. (Dex -2)
Armour fits poorly on your strangely shaped body.
You are frail. (-10% HP)
You do not regenerate when monsters are visible.
You are weak. (Str -2)
Your spells are easier to cast, but less powerful.


Message History

The chaos spawn moves out of view.
There is an escape hatch in the ceiling here.
There is a stone staircase leading up here.
You fly upwards.
There is a stone staircase leading down here.
(D) Dungeon (T) Temple (L) Lair (S) Swamp (P) Snake Pit (M) Slime Pits (O) Orcish Mines (E) Elven Halls (V) Vaults (C) Crypt (W) Tomb (U) Depths (H) Hell (I) Dis (G) Gehenna (X) Cocytus (Y) Tartarus (Z) Zot
Where to? (Enter - D:1 @ (x,y), ? - help) Benaash comes into view.
Unknown command.
Unknown command.
You feel yourself speed up.
An orange demon comes into view.
Wajoop comes into view.
There is an open door here.
There is a staircase leading out of the dungeon here.
You have escaped!

....####'###.#####'#####.#
....# #.# #.#####.#####.#
....# #.# #.............#
....## #.# #.........⌠...#
.....# #.# #####.###....##
.....###.# ##'###..###
......##.# #...##..#
#####'##+#### #.&.##..#
#...........# #[@.##..#
#...........# #...##..#
#...........# #...##..#
#...........# ######..#
.......#+#### #..#
.......#.# #.## .........#
##.# .........# #..#
######...##########.##


You could see Benaash.

Vanquished Creatures
  Asmodeus (Geh:7)
  Antaeus (Coc:7)
  Gloorx Vloq (Pan)
  the Royal Jelly (Slime:5)
  Mnoleg (Pan)
  the Serpent of Hell (Hell)
  Lom Lobon (Pan)
  6 orbs of fire
  Mennas (Depths:4)
  Mara (Vaults:5)
  3 juggernauts
  6 ancient liches
  Sojobo (Crypt:3)
  10 greater mummies
  6 pandemonium lords
  Boris (twice) (Depths:5 Tomb:1)
  15 shard shrikes
  Saint Roka (Elf:3)
  Margery (Vaults:5)
  4 Killer Klowns (Zot:5)
  2 curse toes
  12 golden dragons
  Geryon (Hell)
  12 bone dragons
  Jory (Crypt:1)
  2 profane servitors
  2 doom hounds
  5 electric golems
  16 tentacled monstrosities
  16 liches
  15 Tzitzimimeh
  7 iron giants
  24 Brimstone Fiends
  12 Ice Fiends
  11 Hell Sentinels
  7 deep elf blademasters
  5 quicksilver dragons
  21 titans
  27 Orb Guardians
  4 deep elf master archers
  Murray (Depths:2)
  An eldritch tentacle (Coc:4)
  18 Executioners
  14 ancient champions
  The ghost of zapotec the Warrior, an adept DsBe of Trog (Vaults:1)
  Agnes (Elf:2)
  2 thorn hunters
  A kraken (Abyss:3)
  15 acid blobs
  Gastronok (D:8)
  18 tentacled starspawn
  8 death cobs
  9 sphinxes
  Donald (Elf:2)
  7 nagarajas (Snake:4)
  6 tengu reavers
  20 storm dragons
  5 shadow dragons
  2 daevas (Abyss:1)
  33 frost giants
  9 deep elf sorcerers
  6 blood saints (Pan)
  5 revenants
  8 azure jellies
  7 draconian knights
  Louise (Elf:2)
  2 draconian scorchers
  8 iron dragons
  22 fire giants
  A ghost moth (Zot:5)
  2 corrupters (Pan)
  24 balrugs
  4 curse skulls
  15 vault wardens
  5 draconian stormcallers
  4 warmongers (Pan)
  4 ghouls (Crypt:2)
  10 cacodemons
  16 ironheart preservers
  7 deep elf elementalists
  4 draconian shifters
  A caustic shrike skeleton (Depths:4)
  22 stone giants
  61 reapers
  10 draconian annihilators
  6 war gargoyles
  7 very ugly things
  10 bennus
  8 deep elf demonologists
  2 elemental wellsprings (Coc:7)
  4 black suns (Pan)
  An entropy weaver (Vaults:4)
  12 green draconians
  21 purple draconians
  Azrael (Elf:1)
  12 lorocyprocas
  10 vampire knights
  11 deep elf annihilators
  15 yellow draconians
  15 black draconians
  21 white draconians
  15 red draconians
  18 ettins
  2 merfolk javelineers
  A crystal guardian (Vaults:4)
  7 jiangshi
  4 death oozes (Slime:5)
  16 deep elf death magi
  13 green deaths
  8 eidola
  4 kraken zombies
  16 fire dragons
  7 quicksilver dragon zombies
  2 merfolk impalers
  23 blizzard demons
  18 mummy priests
  12 great orbs of eyes
  27 ice dragons
  6 deep elf high priests (Elf:3)
  17 ogre magi
  32 vault guards
  Erolcha (Orc:1)
  17 yaktaur captains
  23 anacondas
  9 rakshasas
  3 monstrous demonspawn (Pan)
  The ghost of Osuozora the Blocker, a journeyman GrFi of Cheibriados (Lair:2)
  8 hell beasts
  5 naga warriors
  5 quicksilver dragon skeletons
  21 hydras
  8 ghost crabs
  8 spriggan air magi
  52 two-headed ogres
  A two-headed ogre (shapeshifter) (Depths:3)
  4 centaur warriors
  4 death knights
  6 deep troll shamans
  66 death scarabs
  7 tengu warriors
  11 alligators
  9 deep troll earth magi
  10 dancing weapons
  2 death yaks (IceCv)
  8 vampire magi
  6 titan zombies
  7 spriggan berserkers
  52 hell hogs
  10 thrashing horrors
  49 hell knights
  Urug (Lair:6)
  15 naga sharpshooters
  21 deep elf knights
  2 iron golems
  A fire crab (Abyss:3)
  6 wretched stars
  17 soul eaters
  2 titan skeletons
  Nergalle (D:11)
  11 storm dragon zombies
  9 shadow wraiths
  15 iron trolls
  6 spriggans
  7 shock serpents
  2 spatial maelstroms
  33 sun demons
  A fire crab (shapeshifter) (Elf:2)
  13 anaconda zombies
  2 spark wasp zombies
  3 death drakes
  119 skeletal warriors
  4 unseen horrors
  5 storm dragon skeletons
  16 sixfirhies
  A spriggan druid (Swamp:2)
  2 salamander mystics
  4 shadow demons
  11 golden dragon zombies
  2 ghost moth zombies
  10 glowing orange brains
  2 torturous demonspawn (Pan)
  26 deep trolls
  7 swamp dragons
  16 flayed ghosts
  9 wizards
  Pikel (D:3)
  A sphinx zombie (Depths:2)
  3 gelid demonspawn (Pan)
  5 infernal demonspawn (Pan)
  An orange crystal statue (Zot:5)
  2 shambling mangroves
  A swamp dragon (shapeshifter) (Vaults:1)
  20 necromancers
  3 harpies (Vaults:5)
  3 golden dragon skeletons
  9 naga ritualists
  75 deep elf magi
  30 phantasmal warriors
  A lindwurm (shapeshifter) (Vaults:5)
  7 shadow dragon zombies
  25 deep elf archers
  An orb spider (shapeshifter) (Vaults:2)
  4 lindwurms
  8 wolf spider zombies
  6 mana vipers
  15 ironbrand convokers
  16 orc knights
  2 shining eyes
  3 wolf spiders
  7 frost giant zombies
  6 iron dragon zombies
  5 anaconda skeletons
  2 salamanders (shapeshifter)
  5 cyclopes
  3 orc sorcerers
  58 starcursed masses
  21 moths of wrath
  5 shadow dragon skeletons
  3 manticores
  6 salamanders
  23 ugly things
  6 stone giant zombies
  A worldbinder (Abyss:2)
  13 vault sentinels
  6 fire giant zombies
  5 shock serpent zombies
  9 dire elephant zombies
  3 tengu skeletons
  A sphinx skeleton (Depths:4)
  39 black mambas
  6 iron dragon skeletons
  9 guardian serpents (Snake:4)
  18 naga magi
  7 apocalypse crabs
  19 fire giant skeletons
  10 elephants
  8 stone giant skeletons
  5 torpor snails (Lair:6)
  12 molten gargoyles
  Psyche (D:8)
  4 ice statues
  38 rust devils
  A storm dragon simulacrum (Vaults:3)
  3 eyes of devastation
  14 orange demons
  2 torpor snails (shapeshifter)
  33 smoke demons
  5 frost giant skeletons
  A spiny frog (shapeshifter) (Depths:1)
  7 centaur skeletons
  5 spectral swamp worms (Depths:1)
  2 yaktaur zombies
  11 spiny frogs
  2 emperor scorpion zombies
  3 human zombies
  4 gargoyles (Crypt:3)
  66 yaktaurs
  4 dire elephant skeletons
  31 hellions
  44 freezing wraiths
  A rime drake (Lair:2)
  6 komodo dragons
  5 anaconda simulacra
  54 tormentors
  A catoblepas zombie (Tar:2)
  9 demonic crawlers
  16 efreet
  20 hellwings
  32 red devils
  5 tengu conjurers
  9 ancient zymes
  33 guardian mummies
  49 ice devils
  A minotaur skeleton (Coc:6)
  25 polar bears
  A silent spectre (Tar:7)
  18 hydra zombies
  8 trolls
  A catoblepas skeleton (Dis:2)
  A meliai (shapeshifter) (Vaults:5)
  A jumping spider (shapeshifter) (Vaults:2)
  3 harpy zombies
  A hornet (shapeshifter) (Vaults:3)
  2 polar bears (shapeshifter)
  11 tyrant leeches
  2 queen bees (shapeshifter) (D:13)
  23 hornets
  28 blink frogs
  10 hydra skeletons
  2 fire dragon zombies (Hell)
  A queen bee (D:12)
  2 deep troll zombies
  3 harpy skeletons
  A guardian serpent zombie (Crypt:2)
  3 meliai (D:13)
  3 ice dragon zombies
  A raiju (shapeshifter) (Vaults:1)
  29 raiju
  A dream sheep (shapeshifter) (Vaults:5)
  8 alligator zombies
  9 bog bodies
  A snapping turtle (shapeshifter) (Vaults:5)
  12 hippogriffs
  2 hippogriffs (shapeshifter)
  99 slime creatures
  A dream sheep (Lair:6)
  7 ettin zombies
  105 flying skulls
  A frost giant simulacrum (Hell)
  13 fire dragon skeletons
  2 fire giant simulacra
  2 ice dragon skeletons
  9 ettin skeletons
  42 shadows
  A guardian serpent skeleton (Crypt:2)
  A vampire (Abyss:3)
  A redback (shapeshifter) (Vaults:5)
  8 redbacks (Snake:2)
  28 water elementals
  26 fire elementals
  A tarantella (Vaults:4)
  A wyvern (D:10)
  17 ushabtiu
  3 alligator skeletons
  39 large abominations
  35 wraiths
  23 ynoxinuls
  36 yaks
  2 steam dragons (Swamp:4)
  9 hungry ghosts
  15 chaos spawn
  16 neqoxecs
  A steam dragon (shapeshifter) (Vaults:1)
  7 fire bats
  4 basilisks
  A yaktaur simulacrum (Vaults:3)
  2 merfolk zombies
  11 golden eyes
  Menkaure (D:4)
  7 spatial vortices
  24 vampire mosquitoes
  A soldier ant (D:12)
  16 swamp worms
  47 nagas
  Edmund (D:4)
  2 tengu zombies
  14 spiny frog zombies
  10 wargs
  2 hydra simulacra (Coc:7)
  70 hell hounds
  5 insubstantial wisps
  13 water moccasins
  Duvessa (D:5)
  2 merfolk skeletons
  A floating eye (Depths:3)
  34 small abominations
  7 porcupines
  8 eyes of draining
  13 swamp drakes
  A swamp drake (shapeshifter) (Vaults:5)
  8 phantoms
  3 sky beasts
  15 black bears
  2 snapping turtle zombies
  2 swamp dragon zombies
  An elf zombie (Vaults:4)
  69 orc warriors
  4 spiny frog skeletons
  6 ice beasts
  30 ogres
  2 slaves (D:4)
  A fire dragon simulacrum (Coc:7)
  25 necrophages
  An eye of draining (shapeshifter) (Vaults:2)
  4 manticore skeletons
  30 wolves
  A boggart (shapeshifter) (Vaults:5)
  16 boggarts
  31 centaurs
  A swamp dragon skeleton (Dis:1)
  4 snapping turtle skeletons
  10 crocodiles
  4 human skeletons
  A big kobold (D:12)
  Blork the orc (Orc:2)
  An octopode zombie (Crypt:1)
  14 bullfrogs
  A wyvern zombie (D:12)
  A draconian skeleton (Crypt:2)
  2 gnoll sergeants
  Dowan (D:5)
  3 elf skeletons
  3 earth elementals
  A wyvern skeleton (D:12)
  3 scorpions
  A snapping turtle simulacrum (Coc:2)
  A spriggan zombie (Geh:4)
  59 wights
  2 human simulacra
  19 killer bees
  A spriggan skeleton (Coc:1)
  7 howler monkeys
  3 electric eels
  A lava snake (Swamp:4)
  5 crimson imps
  7 centaur zombies
  A bullfrog zombie (D:10)
  6 quasits
  A wyvern simulacrum (D:13)
  8 jellies
  16 orc priests
  A black bear zombie (Crypt:2)
  5 hounds
  33 iron imps
  25 orc wizards
  5 iguanas
  Ijyb (D:5)
  6 hell rats (Hell)
  A porcupine zombie (Crypt:1)
  8 worker ants
  A big kobold zombie (Crypt:1)
  2 naga zombies
  An ogre zombie (Geh:6)
  A bullfrog simulacrum (D:13)
  An ogre skeleton (Crypt:1)
  A hound zombie (D:6)
  A naga skeleton (Tomb:3)
  A crocodile skeleton (Crypt:2)
  47 mummies
  3 worker ant zombies
  23 adders
  13 gnolls
  8 shadow imps
  22 white imps
  4 ufetubi
  8 oozes
  An iguana zombie (Crypt:2)
  An adder skeleton (D:6)
  2 adder zombies
  A worm (shapeshifter) (D:14)
  2 worms
  7 leopard geckos
  107 orcs
  4 ball pythons
  2 bats
  15 giant cockroaches
  2 goblins
  4 hobgoblins
  3 jackals (D:1)
  A quokka (D:9)
  8 frilled lizards
  A gnoll skeleton (Crypt:1)
  A goblin skeleton (Crypt:2)
  20 kobolds
  2 orc zombies
  9 rats
  A rat skeleton (Crypt:1)
  A briar patch (Swamp:3)
  A butterfly (D:9)
  2 crawling corpses (Elf:3)
  A fire vortex (Pan)
  A plant (D:2)
  18 starspawn tentacles (Abyss:1)
  15 tentacles
4949 creatures vanquished.

Vanquished Creatures (collateral kills)
  Ereshkigal (Tar:7)
  Dispater (Dis:7)
  A greater mummy (Tomb:3)
  2 shard shrikes (Coc:7)
  Nikola (Vaults:1)
  2 Tzitzimimeh (Tar:7)
  A hydra (Lair:5)
  A hell hog (Geh:7)
  A soul eater (Tar:7)
  2 skeletal warriors (Tar:7)
  A sixfirhy (Abyss:3)
  A storm dragon skeleton (Tar:7)
  A torturous demonspawn (Pan)
  A deep elf mage (Vaults:1)
  A shining eye (Slime:5)
  2 smoke demons (Pan)
  A molten gargoyle (Geh:7)
  A tormentor (Tar:7)
  2 hellwings (Pan)
  An ice dragon skeleton (Geh:7)
  A neqoxec (Abyss:1)
  A swamp dragon zombie (Tomb:3)
  A necrophage (Tar:7)
  A fire vortex (Pan)
29 creatures vanquished.

Vanquished Creatures (others)
  Cerebov (Pan)
  3 eldritch tentacles
  A storm dragon (Zot:5)
  A balrug (Abyss:3)
  A cacodemon (Abyss:3)
  4 elemental wellsprings
  A stone giant (Abyss:1)
  A hell beast (Pan)
  An anaconda (Snake:4)
  5 death scarabs
  A deep elf knight (Vaults:1)
  2 skeletal warriors
  2 swamp dragons (Swamp:4)
  A phantasmal warrior (Crypt:3)
  A hellwing (Pan)
  A tormentor (Geh:7)
  A red devil (Geh:4)
  A slime creature (Slime:1)
  A hornet (Swamp:4)
  2 blink frogs (Swamp:4)
  A shadow (Geh:4)
  14 flying skulls
  A water elemental (Hell)
  A spriggan (Swamp:4)
  A fire elemental (Geh:7)
  A fire bat (Geh:4)
  A naga (Snake:4)
  4 swamp drakes (Swamp:4)
  A slave (D:4)
  An orc warrior (Elf:3)
  A necrophage (Geh:3)
  An ogre (Depths:1)
  A wolf (IceCv)
  A boggart (Depths:2)
  A wight (Geh:1)
  A starcursed mass (Abyss:1)
  A human zombie (Tomb:2)
  A worker ant (D:13)
  4 mummies
  3 ball lightnings (Pan)
  An orc (D:15)
  An orc zombie (Geh:3)
  12 fungi
  2 lurking horrors
  36 plants
  41 starspawn tentacles
  19 tentacles
  6 toadstools (D:3)
  27 withered plants (Crypt:3)
218 creatures vanquished.

Grand Total: 5196 creatures vanquished

Notes
Turn   | Place    | Note
-------+----------+-------------------------------------------
     0 | D:1      | NormalPerson7T the Gargoyle Gladiator began the quest for the Orb.
     0 | D:1      | Reached XP level 1. HP: 12/12 MP: 1/1
   246 | D:1      | Reached XP level 2. HP: 17/18 MP: 2/2
   449 | D:1      | Reached skill level 1 in Armour
   695 | D:2      | Reached XP level 3. HP: 14/22 MP: 3/3
  1286 | D:2      | Found a sacrificial altar of Ru.
  1515 | D:2      | Found a glowing silver altar of Zin.
  1610 | D:2      | Found a bloodstained altar of Trog.
  1712 | D:3      | Reached XP level 4. HP: 27/27 MP: 4/4
  2213 | D:3      | Reached skill level 1 in Shields
  2213 | D:3      | Reached XP level 5. HP: 26/32 MP: 5/5
  2570 | D:3      | Noticed Grinder
  2692 | D:4      | Noticed Menkaure
  2829 | D:4      | Killed Menkaure
  2829 | D:4      | Reached skill level 5 in Maces & Flails
  2829 | D:4      | Reached XP level 6. HP: 22/38 MP: 6/6
  2963 | D:4      | Noticed Edmund
  2981 | D:4      | Killed Edmund
  3163 | D:4      | Noticed a slave
  3183 | D:4      | Killed a slave
  3190 | D:4      | Noticed a slave
  3191 | D:4      | Noticed a slave
  3191 | D:4      | Noticed Pikel
  3214 | D:4      | Noticed a slave
  3232 | D:4      | Killed a slave
  3514 | D:3      | Killed Pikel
  3514 | D:3      | Reached skill level 5 in Fighting
  3514 | D:3      | Reached XP level 7. HP: 29/44 MP: 7/7
  3514 | D:3      | Reached XP level 8. HP: 33/49 MP: 8/8
  3623 | D:3      | Paralysed by Grinder for 4 turns
  3733 | D:4      | Found a sparkling altar of Nemelex Xobeh.
  4186 | D:5      | Entered Level 5 of the Dungeon
  4482 | D:5      | Noticed Duvessa
  4520 | D:5      | Killed Duvessa
  4634 | D:5      | Found a glowing drain.
  4638 | Sewer    | Entered a sewer
  4910 | Sewer    | Reached skill level 5 in Shields
  5062 | D:5      | Noticed Dowan
  5067 | D:5      | Killed Dowan
  5203 | D:5      | Found Meir's Food Shop.
  5495 | D:5      | Noticed Ijyb
  5509 | D:5      | Killed Ijyb
  5659 | D:6      | Got a pair of steaming gloves
  5660 | D:6      | Identified the +0 pair of gloves "Wuah" {rF+ rC- rN+++ Dex+4} (You found it on level 6 of the Dungeon)
  5732 | D:6      | Reached XP level 9. HP: 48/56 MP: 9/9
  6049 | D:6      | Found an iron altar of Okawaru.
  6063 | D:6      | Became a worshipper of Warmaster Okawaru
  6298 | D:6      | Found a burning altar of Makhleb.
  6298 | D:6      | Found a white marble altar of Elyvilon.
  6636 | D:7      | Reached skill level 1 in Invocations
  6682 | D:7      | Found a staircase to the Ecumenical Temple.
  6744 | Temple   | Entered the Ecumenical Temple
  7046 | D:7      | Found a radiant altar of Vehumet.
  7357 | D:8      | Reached * piety under Okawaru
  7640 | D:8      | Noticed Gastronok
  7983 | D:6      | Got a slimy mace
  8127 | D:8      | Killed Gastronok
  8127 | D:8      | Reached skill level 10 in Maces & Flails
  8127 | D:8      | Reached XP level 10. HP: 64/64 MP: 11/13
  8278 | D:8      | Reached ** piety under Okawaru
  8539 | D:8      | Identified the +10 mace "Sentefo" {freeze, Dex+2} (You found it on level 6 of the Dungeon)
  8540 | D:8      | Noticed Psyche
  8701 | D:8      | Found a runed door.
  8701 | D:8      | Noticed biddum's ghost (novice HaBe)
  8827 | D:8      | Found a stormy altar of Qazlal.
  8874 | D:8      | Killed Psyche
  8916 | D:8      | Found a basalt altar of Yredelemnul.
  9122 | D:9      | Noticed a two-headed ogre
  9138 | D:9      | Killed a two-headed ogre
  9344 | D:9      | Reached XP level 11. HP: 71/71 MP: 11/14
  9451 | D:9      | Found a shimmering altar of Xom.
  9492 | D:9      | Noticed a deep elf mage
  9504 | D:9      | Killed a deep elf mage
  9504 | D:9      | Reached *** piety under Okawaru
  9824 | D:9      | Found a staircase to the Lair.
  9855 | D:10     | Entered Level 10 of the Dungeon
  9935 | D:10     | Found a staircase to the Orcish Mines.
 10823 | D:11     | Reached **** piety under Okawaru
 11081 | D:11     | Reached skill level 10 in Fighting
 11393 | D:11     | Noticed Nergalle
 11399 | D:11     | Killed Nergalle
 11554 | Lair:1   | Entered Level 1 of the Lair of Beasts
 11578 | Lair:1   | Received a gift from Okawaru
 11609 | Lair:1   | Reached XP level 12. HP: 78/78 MP: 15/15
 11843 | Lair:1   | Reached skill level 5 in Invocations
 11846 | Lair:1   | Reached skill level 10 in Shields
 11854 | Lair:1   | Reached ***** piety under Okawaru
 12368 | Lair:2   | Found a runed gate.
 12368 | Lair:2   | Found a runed gate.
 12368 | Lair:2   | Found a runed gate.
 12368 | Lair:2   | Noticed a 13-headed hydra
 12368 | Lair:2   | Noticed Osuozora's ghost (journeyman GrFi)
 12370 | Lair:2   | Noticed a ten-headed hydra
 12648 | Lair:2   | Received a gift from Okawaru
 13282 | Lair:3   | Found a frozen archway.
 13293 | IceCv    | Entered an ice cave
 13555 | IceCv    | Reached XP level 13. HP: 84/84 MP: 18/18
 14133 | IceCv    | Noticed a frost giant
 14159 | IceCv    | Killed a frost giant
 14159 | IceCv    | Received a gift from Okawaru
 14232 | IceCv    | Got a pitted amber ring
 14236 | IceCv    | Identified the ring "Cemug" {Ice MR+ Dex+5} (You found it in an ice cave)
 14385 | Lair:3   | Found a staircase to the Swamp.
 14946 | Lair:4   | Found a staircase to the Snake Pit.
 15930 | Lair:5   | Reached ****** piety under Okawaru
 16006 | Lair:5   | Received a gift from Okawaru
 16010 | Lair:5   | Gained mutation: Your large and strong wings let you fly indefinitely. [Gargoyle growth]
 16010 | Lair:5   | Reached XP level 14. HP: 71/94 MP: 20/20
 16358 | Lair:6   | Entered Level 6 of the Lair of Beasts
 16358 | Lair:6   | Noticed Urug
 16388 | Lair:6   | Killed Urug
 16611 | Lair:6   | Found a runed door.
 16903 | Lair:6   | Found a staircase to the Slime Pits.
 17138 | Lair:6   | Received a gift from Okawaru
 17640 | Lair:6   | Identified the +2 scale mail of the Meadowlark {rC+ Dex-3 Slay+6} (Okawaru gifted it to you on level 6 of the Lair of Beasts)
 18002 | Lair:6   | Reached skill level 15 in Maces & Flails
 18433 | D:12     | Found Meolock's Gadget Emporium.
 19045 | D:13     | Reached skill level 1 in Evocations
 19045 | D:13     | Reached XP level 15. HP: 75/101 MP: 21/21
 19076 | D:13     | Found Baezo's Assorted Antiques.
 19600 | D:12     | Reached skill level 5 in Armour
 19773 | D:13     | Found Kyruux's General Store.
 19910 | D:13     | Found a gate to the Vaults.
 20074 | D:14     | Received a gift from Okawaru
 20390 | D:14     | Reached skill level 15 in Fighting
 20500 | D:14     | Received a gift from Okawaru
 20963 | D:15     | Entered Level 15 of the Dungeon
 21242 | D:15     | Noticed a frost giant
 21468 | D:14     | Killed a frost giant
 21602 | D:15     | Reached skill level 15 in Shields
 21602 | D:15     | Reached XP level 16. HP: 108/108 MP: 22/22
 21945 | D:15     | Found a roughly hewn altar of Beogh.
 22059 | D:15     | Noticed a golden dragon
 22060 | D:15     | Noticed a shadow dragon
 22060 | D:15     | a golden dragon changed into a shadow dragon
 22074 | D:15     | Noticed an acid blob
 22074 | D:15     | an iron troll changed into an acid blob
 22075 | D:15     | an acid blob changed into an iron dragon
 22329 | Orc:1    | Entered Level 1 of the Orcish Mines
 22553 | Orc:2    | Entered Level 2 of the Orcish Mines
 22625 | Orc:1    | Noticed Erolcha
 22632 | Orc:1    | Killed Erolcha
 22775 | Orc:2    | Noticed Blork the orc
 22789 | Orc:2    | Killed Blork the orc
 22937 | Orc:2    | Reached skill level 5 in Evocations
 23055 | Orc:2    | Found Hoah Jat's Weapon Boutique.
 23055 | Orc:2    | Found Esug's Assorted Antiques.
 23057 | Orc:2    | Found Laam Qof's General Store.
 23059 | Orc:2    | Found Ruud's Antique Weapon Shop.
 23074 | Orc:2    | Received a gift from Okawaru
 23113 | Orc:2    | Bought 2 potions of invisibility for 256 gold pieces
 23256 | Orc:2    | Found a roughly hewn altar of Beogh.
 23286 | Orc:2    | Found a staircase to the Elven Halls.
 23456 | Swamp:1  | Entered Level 1 of the Swamp
 24812 | Swamp:2  | Identified a scroll of acquirement
 24814 | Swamp:2  | Got a pair of steaming boots
 24825 | Swamp:2  | Identified the +0 pair of boots of Unreason {MR++} (You acquired it on level 2 of the Swamp)
 24854 | Swamp:2  | Found a runed door.
 24874 | Swamp:2  | Noticed Nilihum's ghost (adept MfGl)
 25116 | Swamp:2  | Noticed a thorn hunter
 25131 | Swamp:2  | Killed a thorn hunter
 25891 | Swamp:3  | Reached skill level 10 in Invocations
 25909 | Swamp:3  | Noticed a thorn hunter
 25918 | Swamp:3  | Killed a thorn hunter
 26095 | Swamp:3  | Reached XP level 17. HP: 95/115 MP: 24/24
 26101 | Swamp:3  | Received a gift from Okawaru
 26325 | Swamp:4  | Entered Level 4 of the Swamp
 26857 | Swamp:4  | Got a decaying rune of Zot
 27023 | Snake:1  | Entered Level 1 of the Snake Pit
 27103 | Snake:1  | Found Xoplutoc's Jewellery Boutique.
 27250 | Snake:1  | Received a gift from Okawaru
 27561 | Snake:2  | Reached skill level 10 in Armour
 28369 | Snake:2  | Received a gift from Okawaru
 28455 | Snake:3  | Found an ornate altar of the Wu Jian Council.
 28843 | Snake:3  | Found Adul Piuwn's General Store.
 28936 | Snake:3  | Reached skill level 5 in Dodging
 29112 | Snake:4  | Entered Level 4 of the Snake Pit
 29148 | Snake:4  | Reached XP level 18. HP: 122/122 MP: 25/25
 29844 | Snake:4  | Received a gift from Okawaru
 29975 | Snake:4  | Received a gift from Okawaru
 30078 | Snake:4  | Got a serpentine rune of Zot
 30590 | Vaults:1 | Entered Level 1 of the Vaults
 30659 | Vaults:1 | Reached XP level 19. HP: 130/130 MP: 26/26
 30673 | Vaults:1 | Received a gift from Okawaru
 30806 | Vaults:1 | Received a gift from Okawaru
 30986 | Vaults:1 | Found a runed gate.
 30986 | Vaults:1 | Found a runed gate.
 30986 | Vaults:1 | Found a runed gate.
 30988 | Vaults:1 | Noticed zapotec's ghost (adept DsBe)
 31055 | Vaults:1 | Noticed Nikola
 31079 | Vaults:1 | Killed Nikola
 31755 | Vaults:1 | Received a gift from Okawaru
 32446 | Vaults:2 | Found a runed door.
 32446 | Vaults:2 | Found a shimmering altar of Xom.
 32446 | Vaults:2 | Noticed Tat Loefany's ghost (adept MiBe)
 32530 | Vaults:2 | Received a gift from Okawaru
 32930 | Vaults:2 | Found a staircase to the Crypt.
 32934 | Vaults:2 | Found Bixa's Distillery.
 32937 | Vaults:2 | Found a portal to a secret trove of treasure.
 32953 | Vaults:2 | Bought a potion of heal wounds for 110 gold pieces
 32953 | Vaults:2 | Bought a potion of heal wounds for 110 gold pieces
 33431 | Vaults:2 | Reached XP level 20. HP: 139/139 MP: 27/27
 33451 | Vaults:2 | Received a gift from Okawaru
 35287 | Vaults:3 | Found a large runed door.
 35287 | Vaults:3 | Found a large runed door.
 35287 | Vaults:3 | Noticed Ojauq's ghost (legendary FoAM)
 35291 | Vaults:3 | Noticed Bumal's ghost (veteran MfGl)
 35476 | Vaults:3 | Received a gift from Okawaru
 36191 | Vaults:4 | Found Aggian's Antique Weapon Shoppe.
 36985 | Vaults:4 | Reached XP level 21. HP: 136/147 MP: 28/28
 37471 | Vaults:4 | Received a gift from Okawaru
 37913 | Elf:1    | Entered Level 1 of the Elven Halls
 38476 | Elf:1    | Noticed Roxanne
 38836 | Elf:1    | Noticed Azrael
 38846 | Elf:1    | Killed Azrael
 38898 | Elf:1    | Identified the Handbook of Supportive Conjuration
 38983 | Elf:1    | Reached skill level 10 in Dodging
 39448 | Elf:2    | Found Forchyuz's Weapon Emporium.
 39464 | Elf:2    | Noticed Louise
 39519 | Elf:2    | Killed Louise
 39595 | Elf:2    | Noticed Donald
 39612 | Elf:2    | Killed Donald
 39815 | Elf:2    | Noticed Agnes
 39827 | Elf:2    | Killed Agnes
 39915 | Elf:2    | Found a runed gate.
 39915 | Elf:2    | Found a runed gate.
 39917 | Elf:2    | Found a runed gate.
 40032 | Elf:3    | Entered Level 3 of the Elven Halls
 40470 | Elf:3    | Noticed Saint Roka
 40787 | Elf:2    | Received a gift from Okawaru
 40892 | Elf:3    | Killed Saint Roka
 42077 | Elf:3    | Reached skill level 15 in Armour
 42114 | Elf:3    | Reached XP level 22. HP: 153/156 MP: 29/29
 42734 | Elf:3    | Identified the Catalogue of Air and Cold
 42822 | Elf:3    | Identified the Reference Book on Combat Magic and Bewitchment
 42840 | Elf:3    | Identified the Guide on Orientation and the Escort
 43469 | D:15     | Found a staircase to the Depths.
 43494 | Depths:1 | Entered Level 1 of the Depths
 43705 | Depths:1 | Received a gift from Okawaru
 43855 | Depths:1 | Found a gateway to Hell.
 44247 | Depths:1 | Received a gift from Okawaru
 44250 | Depths:1 | Identified the +4 pair of gloves "Zasexi" {rC++ Int+4 Dex+4} (Okawaru gifted it to you on level 1 of the Depths)
 44332 | Depths:1 | Identified the ring "Bofrex" {Fire MR+ Dex+2} (You found it on level 1 of the Depths)
 44476 | Depths:1 | Found a one-way gate leading to the halls of Pandemonium.
 44986 | Depths:2 | Identified the ring "Custritsu" {rElec rC- MR+ MP+9} (You acquired it on level 2 of the Depths)
 45355 | Depths:2 | Reached XP level 23. HP: 159/164 MP: 28/30
 45398 | Depths:2 | Found Zihe's Food Emporium.
 46358 | Depths:2 | Found a one-way gate to the infinite horrors of the Abyss.
 46467 | Depths:2 | Received a gift from Okawaru
 46714 | Depths:3 | Received a gift from Okawaru
 46762 | Depths:3 | Found a gateway to a ziggurat.
 47272 | Depths:3 | Found a runed gate.
 47272 | Depths:3 | Found a runed gate.
 47272 | Depths:3 | Found a runed gate.
 47287 | Depths:3 | Noticed a juggernaut
 47287 | Depths:3 | Noticed a juggernaut
 47288 | Depths:3 | Found the +18 shield of the Gong {rElec rN+ MR+ EV-5}
 47303 | Depths:3 | Received a gift from Okawaru
 47309 | Depths:3 | Found a runed gate.
 47461 | Depths:3 | Found a runed gate.
 47461 | Depths:3 | Found a runed gate.
 48005 | Depths:3 | Killed a juggernaut
 48016 | Depths:3 | Killed a juggernaut
 48097 | Depths:3 | Identified a +1 pair of boots of running (You found it on level 3 of the Depths)
 48111 | Depths:3 | Identified the cursed +0 plate armour of Follow the Leader {Dex+4} (You found it on level 3 of the Depths)
 48258 | Depths:4 | Found Oteugh's Jewellery Boutique.
 48259 | Depths:4 | Found Vuiwn's Gadget Emporium.
 48259 | Depths:4 | Found Querch's Gadget Emporium.
 48305 | Depths:4 | Noticed Mennas
 48376 | Depths:4 | Killed Mennas
 48565 | Depths:3 | Received a gift from Okawaru
 48883 | Depths:4 | Reached XP level 24. HP: 159/172 MP: 30/30
 49310 | Depths:4 | Noticed a juggernaut
 49357 | Depths:4 | Killed a juggernaut
 49357 | Depths:4 | Received a gift from Okawaru
 49716 | Depths:4 | Received a gift from Okawaru
 49898 | Depths:5 | Entered Level 5 of the Depths
 49898 | Depths:5 | Noticed Boris
 49916 | Depths:5 | Killed Boris
 50160 | Depths:5 | Found a gate to the Realm of Zot.
 51312 | Vaults:5 | Entered Level 5 of the Vaults
 51479 | Vaults:4 | Reached XP level 25. HP: 181/181 MP: 30/30
 51540 | Vaults:5 | Paralysed by a floating eye for 4 turns
 51569 | Vaults:5 | Received a gift from Okawaru
 51795 | Vaults:5 | Received a gift from Okawaru
 51954 | Vaults:5 | Got a silver rune of Zot
 52098 | Vaults:5 | Received a gift from Okawaru
 52323 | Vaults:5 | Noticed Margery
 52341 | Vaults:5 | Killed Margery
 52451 | Vaults:5 | Noticed Mara
 52456 | Vaults:5 | Noticed NormalPerson7T's illusion
 52493 | Vaults:5 | Identified the Volume of Igneous Ice
 52765 | Vaults:5 | Noticed NormalPerson7T's illusion
 52878 | Vaults:5 | Noticed NormalPerson7T's illusion
 53110 | Vaults:5 | Killed Mara
 53110 | Vaults:5 | Reached XP level 26. HP: 169/190 MP: 30/30
 53922 | Temple   | Fell from the grace of Okawaru
 53922 | Temple   | Became a worshipper of the Shining One
 54165 | Crypt:1  | Entered Level 1 of the Crypt
 54239 | Crypt:1  | Reached * piety under the Shining One
 54699 | Crypt:1  | Reached ** piety under the Shining One
 54812 | Crypt:1  | Noticed Jory
 54837 | Crypt:1  | Killed Jory
 55127 | Crypt:2  | Reached *** piety under the Shining One
 55357 | Crypt:2  | Reached **** piety under the Shining One
 55491 | Crypt:2  | Reached ***** piety under the Shining One
 55990 | Crypt:3  | Entered Level 3 of the Crypt
 56564 | Crypt:3  | Identified the ring of Owea {rN+ Int+2} (You found it on level 3 of the Crypt)
 56565 | Crypt:3  | Identified the ring of the Fifty Souls {rN+ Dex+5} (You found it on level 3 of the Crypt)
 56665 | Crypt:3  | Noticed Sojobo
 56691 | Crypt:3  | Reached ****** piety under the Shining One
 56699 | Crypt:3  | Identified a +5 sacred scourge of holy wrath (a +3 demon whip of flaming blessed by the Shining One)
 56699 | Crypt:3  | Received a gift from the Shining One
 56750 | Crypt:3  | Killed Sojobo
 56826 | Crypt:3  | Identified the ring of Avee {rC+ rN+ Str+2 Dex+4} (You took it off a tengu reaver on level 3 of the Crypt)
 56935 | Crypt:3  | Found a staircase to the Tomb.
 57708 | Crypt:3  | Found an ancient bone altar of Kikubaaqudgha.
 57770 | Crypt:3  | Identified the Grimoire of Black Rituals
 57779 | Crypt:3  | Noticed an ancient lich
 57789 | Crypt:3  | Killed an ancient lich
 58352 | Crypt:3  | Learned a level 2 spell: Blink
 58357 | Crypt:3  | Learned a level 4 spell: Passage of Golubria
 58702 | Depths:2 | Voluntarily entered the Abyss.
 58702 | Abyss:1  | Found a corrupted altar of Lugonu.
 59282 | Depths:2 | Escaped the Abyss
 59287 | Depths:2 | Voluntarily entered the Abyss.
 59457 | Abyss:1  | Reached skill level 15 in Invocations
 59466 | Abyss:1  | Paralysed by accursed screaming for 1 turns
 59503 | Abyss:1  | Reached XP level 27. HP: 140/197 MP: 34/34
 59599 | Abyss:1  | Gained mutation: Potions are less effective at restoring your health. [a neqoxec]
 59839 | Abyss:1  | Found a corrupted altar of Lugonu.
 59918 | Abyss:1  | Found a runed door.
 60175 | Abyss:1  | Found a corrupted altar of Lugonu.
 60261 | Depths:2 | Escaped the Abyss
 60827 | Depths:2 | Voluntarily entered the Abyss.
 60827 | Abyss:1  | Found a corrupted altar of Lugonu.
 60861 | Abyss:1  | Reached skill level 27 in Fighting
 61472 | Abyss:2  | Noticed an ancient lich
 61528 | Abyss:2  | Killed an ancient lich
 62245 | Abyss:3  | Paralysed by accursed screaming for 1 turns
 62366 | Abyss:3  | Gained mutation: Your body sometimes deteriorates upon taking damage. [a cacodemon]
 62494 | Abyss:3  | Got an abyssal rune of Zot
 62541 | Depths:2 | Escaped the Abyss
 62588 | Hell     | Entered the Vestibule of Hell
 62588 | Hell     | Noticed Geryon
 62600 | Hell     | Noticed Murray
 62632 | Depths:2 | Killed Murray
 62689 | Hell     | Killed Geryon
 62994 | Hell     | Found a gateway to the Iron City of Dis.
 63062 | Hell     | Was forgiven by Okawaru
 63152 | Hell     | Found a gateway to the freezing wastes of Cocytus.
 63230 | Hell     | Found a gateway to the decaying netherworld of Tartarus.
 63255 | Hell     | Found a gateway to the ashen valley of Gehenna.
 63415 | Tar:1    | Entered Level 1 of Tartarus
 64491 | Tar:7    | Entered Level 7 of Tartarus
 64710 | Tar:7    | Noticed an ancient lich
 64728 | Tar:7    | Killed an ancient lich
 64814 | Tar:7    | Noticed an ancient lich
 64823 | Tar:7    | Killed an ancient lich
 64871 | Tar:7    | Noticed Ereshkigal
 65144 | Tar:7    | Killed Ereshkigal
 65187 | Tar:7    | Got a bone rune of Zot
 65584 | Orc:2    | Bought a scroll of enchant armour for 202 gold pieces
 65584 | Orc:2    | Bought a scroll of enchant armour for 202 gold pieces
 65708 | Lair:2   | Killed Osuozora's ghost
 66026 | Geh:1    | Entered Level 1 of Gehenna
 67326 | Geh:7    | Entered Level 7 of Gehenna
 67708 | Geh:7    | Got a heavily runed amber ring
 67709 | Geh:7    | Identified the ring "Daybiena" {Ice MP+9 Int+4 Dex-2 Stlth+} (You found it on level 7 of Gehenna)
 68152 | Geh:7    | Noticed Asmodeus
 68174 | Geh:7    | Killed Asmodeus
 68181 | Geh:7    | Got an obsidian rune of Zot
 68906 | Coc:1    | Entered Level 1 of Cocytus
 69760 | Coc:7    | Entered Level 7 of Cocytus
 69878 | Coc:7    | Noticed the Serpent of Hell
 69940 | Hell     | Killed the Serpent of Hell
 70919 | Coc:6    | Reached skill level 27 in Invocations
 71062 | Coc:7    | Reached skill level 1 in Translocations
 71275 | Coc:7    | Got a flickering lead ring
 71276 | Coc:7    | Identified the ring "Xioraimu" {rPois rN++ Str+3} (You found it on level 7 of Cocytus)
 71632 | Coc:7    | Lost mutation: Potions are less effective at restoring your health. [mutagenic glow]
 71715 | Coc:7    | Gained mutation: Your magical capacity is low. (-10% MP) [mutagenic glow]
 71770 | Coc:7    | Noticed Antaeus
 71793 | Coc:7    | Killed Antaeus
 71829 | Coc:7    | Got an icy rune of Zot
 71999 | Tar:2    | Reached skill level 5 in Translocations
 72084 | Dis:1    | Entered Level 1 of the Iron City of Dis
 72747 | Dis:6    | Reached skill level 15 in Dodging
 73001 | Dis:7    | Entered Level 7 of the Iron City of Dis
 73560 | Dis:7    | Gained mutation: You are frail. (-10% HP) [a cacodemon]
 73930 | Dis:7    | Noticed Dispater
 74411 | Orc:2    | Bought a scroll of blinking for 120 gold pieces
 74411 | Orc:2    | Bought a potion of berserk rage for 80 gold pieces
 74632 | Vaults:1 | Killed zapotec's ghost
 75262 | Slime:1  | Entered Level 1 of the Pits of Slime
 75720 | Slime:5  | Entered Level 5 of the Pits of Slime
 75934 | Slime:5  | Noticed the Royal Jelly
 76465 | Slime:4  | Reached skill level 10 in Translocations
 76522 | Slime:5  | Found a viscous altar of Jiyva.
 76669 | Slime:5  | Killed the Royal Jelly
 76738 | Slime:5  | Identified the Volume of Gliding Companions
 76749 | Slime:5  | Got a slimy rune of Zot
 76751 | Slime:5  | Identified the cursed -3 pair of gloves of the Iron City of Dis {Str+4} (You found it on level 5 of the Pits of Slime)
 76758 | Slime:5  | Identified Sif Muna's Disquisition on Creative Ignition
 76773 | Slime:5  | Identified the +1 helmet of Beauty {rPois rC- MR+ Str+3} (You found it on level 5 of the Pits of Slime)
 76781 | Slime:5  | Identified Zorchob's Almanac of the Icy Rocks
 76799 | Slime:5  | Got a glittering pewter ring
 76802 | Slime:5  | Identified the ring "Ujetig" {*Slow +Fly rElec rF+ rC+} (You found it on level 5 of the Pits of Slime)
 76803 | Slime:5  | Identified Yhydeoth's Catalogue of Battle Magic and Feathers
 76817 | Slime:5  | Identified the cursed ring of Starshine {rF+ Dex-3} (You found it on level 5 of the Pits of Slime)
 77239 | Vaults:2 | Bought a potion of ambrosia for 176 gold pieces
 77239 | Vaults:2 | Bought a potion of mutation for 176 gold pieces
 77239 | Vaults:2 | Bought a potion of might for 88 gold pieces
 77239 | Vaults:2 | Bought a potion of agility for 88 gold pieces
 77239 | Vaults:2 | Bought a potion of brilliance for 88 gold pieces
 77239 | Vaults:2 | Bought a potion of brilliance for 88 gold pieces
 77259 | Vaults:2 | You showed the slimy rune of Zot to enter a treasure trove
 77260 | Trove    | Entered a treasure trove
 77308 | Trove    | Got a faintly glowing ruby amulet
 77309 | Trove    | Identified the amulet of Imebojiuz {Spirit rPois Str+10 Int-4 Stlth+} (You found it in a treasure trove)
 77578 | Pan      | Entered Pandemonium
 77590 | Pan      | Noticed Duozuxau the pandemonium lord
 78306 | Pan      | Noticed Ufuqax the pandemonium lord
 78350 | Pan      | Killed Ufuqax the pandemonium lord
 78384 | Depths:1 | Escaped Pandemonium
 78400 | Pan      | Entered Pandemonium
 78483 | Pan      | Noticed Mukofila the pandemonium lord
 78520 | Pan      | Killed Mukofila the pandemonium lord
 78661 | Pan      | Noticed Fonwuipt the pandemonium lord
 78669 | Pan      | Killed Fonwuipt the pandemonium lord
 78708 | Pan      | Got a demonic rune of Zot
 78713 | Pan      | Noticed Wees the pandemonium lord
 79264 | Pan      | Noticed Toyneih the pandemonium lord
 79297 | Pan      | Killed Toyneih the pandemonium lord
 79297 | Pan      | Reached skill level 10 in Evocations
 79517 | Pan      | Reached skill level 27 in Armour
 79521 | Pan      | Entered the realm of Gloorx Vloq.
 79581 | Pan      | Found an exit through the horrors of the Abyss.
 79976 | Pan      | Noticed Gloorx Vloq
 79990 | Pan      | Killed Gloorx Vloq
 80000 | Pan      | Got a dark rune of Zot
 80157 | Pan      | Learned a level 1 spell: Apportation
 80218 | Pan      | Entered the realm of Cerebov.
 80652 | Pan      | Noticed Cerebov
 80693 | Pan      | Killed Cerebov
 80735 | Pan      | Got a fiery rune of Zot
 80780 | Pan      | Entered the realm of Mnoleg.
 80780 | Pan      | Noticed Mnoleg
 80784 | Pan      | Gained mutation: You occasionally shout uncontrollably at your foes. [Mnoleg's mutagenic touch]
 80785 | Pan      | Gained mutation: You do not regenerate when monsters are visible. [a cacodemon]
 80790 | Pan      | Killed Mnoleg
 80797 | Pan      | Got a glowing rune of Zot
 80818 | Pan      | Gained mutation: You are dopey. (Int -2) [a neqoxec]
 80845 | Pan      | Entered the realm of Lom Lobon.
 81407 | Pan      | Noticed Lom Lobon
 81429 | Pan      | Killed Lom Lobon
 81455 | Pan      | Got a magical rune of Zot
 81832 | Depths:1 | Escaped Pandemonium
 82056 | Dis:3    | Lost mutation: Your magical capacity is low. (-10% MP) [potion of mutation]
 82056 | Dis:3    | Lost mutation: You are dopey. (Int -2) [potion of mutation]
 82056 | Dis:3    | Gained mutation: You have a pair of small horns on your head. [potion of mutation]
 83521 | Dis:7    | Killed Dispater
 83539 | Dis:7    | Got an iron rune of Zot
 83607 | Dis:7    | Gained mutation: Armour fits poorly on your strangely shaped body. [mutagenic glow]
 83643 | Dis:7    | Gained mutation: You tend to lose your temper in combat. [mutagenic glow]
 84187 | Tomb:1   | Entered Level 1 of the Tomb of the Ancients
 84188 | Tomb:1   | Lost mutation: You tend to lose your temper in combat. [potion of mutation]
 84188 | Tomb:1   | Lost mutation: Your body sometimes deteriorates upon taking damage. [potion of mutation]
 84188 | Tomb:1   | Lost mutation: You occasionally shout uncontrollably at your foes. [potion of mutation]
 84188 | Tomb:1   | Gained mutation: Your spells are a little harder to cast, but a little more powerful. [potion of mutation]
 84188 | Tomb:1   | Gained mutation: You have a pair of horns on your head. [potion of mutation]
 85180 | Tomb:1   | Noticed Boris
 85195 | Tomb:1   | Killed Boris
 85372 | Tomb:1   | Noticed a greater mummy
 85762 | Tomb:1   | Killed a greater mummy
 86005 | Tomb:1   | Noticed a greater mummy
 86016 | Tomb:1   | Killed a greater mummy
 86799 | Tomb:3   | Entered Level 3 of the Tomb of the Ancients
 86876 | Tomb:3   | Noticed a greater mummy
 86877 | Tomb:3   | Noticed a greater mummy
 86881 | Tomb:3   | Noticed a greater mummy
 86887 | Tomb:3   | Noticed a greater mummy
 86890 | Tomb:2   | Killed a greater mummy
 87242 | Tomb:3   | Killed a greater mummy
 87257 | Tomb:3   | Was placed under penance by the Shining One
 87270 | Tomb:3   | Noticed a greater mummy
 88065 | Depths:2 | Voluntarily entered the Abyss.
 88119 | Depths:2 | Escaped the Abyss
 88121 | Depths:2 | Voluntarily entered the Abyss.
 88121 | Abyss:1  | Found a corrupted altar of Lugonu.
 88289 | Abyss:1  | Found a corrupted altar of Lugonu.
 88454 | Abyss:1  | Was forgiven by the Shining One
 88859 | Depths:2 | Escaped the Abyss
 89438 | Tomb:2   | Noticed a greater mummy
 89476 | Tomb:3   | Lost mutation: You are frail. (-10% HP) [the power of Zot]
 89480 | Tomb:3   | Noticed a greater mummy
 89498 | Tomb:3   | Killed a greater mummy
 89561 | Tomb:3   | Noticed a greater mummy
 89561 | Tomb:3   | Noticed a greater mummy
 89570 | Tomb:3   | Killed a greater mummy
 89573 | Tomb:3   | Killed a greater mummy
 89588 | Tomb:3   | Killed a greater mummy
 89608 | Tomb:3   | Noticed a greater mummy
 89620 | Tomb:3   | Killed a greater mummy
 89658 | Tomb:3   | Killed a greater mummy
 89719 | Tomb:3   | Killed a greater mummy
 89865 | Tomb:3   | Identified the ring of Liny {+Fly rF+ rN+} (You found it on level 3 of the Tomb of the Ancients)
 89874 | Tomb:3   | Identified the Grimoire of Transmigration and Orientation
 90008 | Tomb:3   | Got a golden rune of Zot
 90690 | Zot:1    | Entered Level 1 of the Realm of Zot
 91856 | Zot:2    | Identified the Incunabulum of Creative Toxins
 92279 | Zot:2    | Noticed an orb of fire
 92283 | Zot:2    | Gained mutation: You are clumsy. (Dex -2) [an orb of fire]
 92291 | Zot:2    | Gained mutation: You are dopey. (Int -2) [an orb of fire]
 92296 | Zot:2    | Killed an orb of fire
 93438 | Zot:3    | Noticed an orb of fire
 93453 | Zot:3    | Lost mutation: You are dopey. (Int -2) [an orb of fire]
 93461 | Zot:3    | Killed an orb of fire
 93856 | Zot:4    | Got a transparent steel ring
 93857 | Zot:4    | Identified the ring "Bawnioco" {*Corrode rN+++ MP+9 Int+7 Stlth+} (You acquired it on level 4 of the Realm of Zot)
 94923 | Zot:5    | Entered Level 5 of the Realm of Zot
 95270 | Zot:5    | Noticed an ancient lich
 95282 | Zot:5    | Killed an ancient lich
 95327 | Zot:5    | Noticed an ancient lich
 95337 | Zot:5    | Killed an ancient lich
 95548 | Zot:5    | Noticed an orb of fire
 95576 | Zot:5    | Noticed an orb of fire
 95577 | Zot:5    | Lost mutation: Your spells are a little harder to cast, but a little more powerful. [an orb of fire]
 95595 | Zot:5    | Killed an orb of fire
 95606 | Zot:5    | Killed an orb of fire
 95691 | Zot:5    | Reached skill level 27 in Dodging
 95932 | Zot:5    | Noticed an orb of fire
 95950 | Zot:5    | Gained mutation: Scrolls take you a little longer to read. [an orb of fire]
 95955 | Zot:5    | Killed an orb of fire
 95971 | Zot:5    | Noticed an orb of fire
 96034 | Zot:5    | Gained mutation: You are frail. (-10% HP) [an orb of fire]
 96036 | Zot:5    | Gained mutation: Your spells are a little easier to cast, but a little less powerful. [an orb of fire]
 96045 | Zot:5    | Gained mutation: You are weak. (Str -2) [an orb of fire]
 96052 | Zot:5    | Gained mutation: Your spells are easier to cast, but less powerful. [an orb of fire]
 96055 | Zot:5    | Killed an orb of fire
 96161 | Zot:5    | Reached skill level 15 in Evocations
 96746 | Zot:5    | Got the Orb of Zot
 96787 | Zot:5    | Noticed Osefawn the pandemonium lord
 96795 | Zot:5    | Killed Osefawn the pandemonium lord
 96954 | Depths:4 | Noticed Suixtaem the pandemonium lord
 97021 | D:15     | Noticed Koupoy the pandemonium lord
 97046 | D:15     | Noticed a seraph
 97099 | D:13     | Noticed Gikhlusch the pandemonium lord
 97293 | D:4      | Noticed Emoepnel the pandemonium lord
 97317 | D:4      | Killed Emoepnel the pandemonium lord
 97435 | D:1      | Noticed Benaash the pandemonium lord
 97446 | D:1      | Noticed Wajoop the pandemonium lord
 97455 | D:$      | Escaped with the Orb!

Skill      XL: |  1  2  3  4  5  6  7  8  9 10 11 12 13 14 15 16 17 18 19 20 21 22 23 24 25 26 27 |
---------------+----------------------------------------------------------------------------------+-----
Armour         | 1 4 6 8 10 11 12 14 15 16 17 18 27 | 27.0
Maces & Flails | 4 5 6 8 10 11 13 14 15 16 | 16.0
Fighting       | 3 5 6 8 9 10 11 13 14 15 16 18 19 20 21 22 23 25 26 27 | 27.0
Shields        | 1 2 4 5 7 8 9 11 13 14 15 16 17 18 19 20 21 25 | 25.0
Invocations    | 4 7 8 10 15 27 | 27.0
Evocations     | 1 4 6 8 16 | 16.6
Dodging        | 5 6 8 9 10 11 12 13 14 27 | 27.0
Translocations | 14 | 14.0
Throwing       | |  1.7

Action                   |  1- 3 |  4- 6 |  7- 9 | 10-12 | 13-15 | 16-18 | 19-21 | 22-24 | 25-27 || total
-------------------------+-------+-------+-------+-------+-------+-------+-------+-------+-------++-------
Melee: Flail             |    95 |   179 |   568 |    49 |       |       |       |       |       ||   891
       Mace              |       |       |       |   571 |   394 |       |       |       |       ||   965
       Eveningstar       |       |       |       |       |  1166 |  2010 |  2088 |  2497 |  1246 ||  9007
       Unarmed           |       |       |       |       |       |       |       |       |    53 ||    53
       Sacred scourge    |       |       |       |       |       |       |       |       |  9916 ||  9916
       Headbutt          |       |       |       |       |       |       |       |       |   815 ||   815
Throw: Throwing net      |       |     1 |       |       |       |       |       |       |     2 ||     3
 Cast: Passage of Golubr |       |       |       |       |       |       |       |       |     6 ||     6
Invok: Heroism           |       |       |     1 |    12 |    13 |     7 |    11 |     5 |     5 ||    54
       Finesse           |       |       |       |       |     2 |     2 |     2 |     4 |     2 ||    12
       Divine Shield     |       |       |       |       |       |       |       |       |     8 ||     8
       Cleansing Flame   |       |       |       |       |       |       |       |       |   223 ||   223
       Brand Weapon With |       |       |       |       |       |       |       |       |     1 ||     1
       Summon Divine War |       |       |       |       |       |       |       |       |    28 ||    28
 Abil: Evoke Berserk Rag |       |       |     1 |     1 |     3 |     3 |       |       |       ||     8
       Fly               |       |       |       |       |       |     1 |       |     1 |     1 ||     3
       Stop Flying       |       |       |       |       |       |       |       |     1 |     2 ||     3
Evoke: Wand              |       |       |     1 |     4 |       |       |    11 |     7 |    15 ||    38
       Phial of floods   |       |       |       |       |       |       |     3 |       |     9 ||    12
       Lightning rod     |       |       |       |       |       |       |     5 |       |       ||     5
       Lamp of fire      |       |       |       |       |       |       |       |       |     2 ||     2
  Use: Scroll            |     2 |       |    10 |     6 |    22 |     6 |     7 |    16 |    69 ||   138
       Potion            |       |       |       |     1 |       |       |     3 |     1 |    31 ||    36
 Stab: Confused          |       |       |       |       |       |     3 |       |       |       ||     3
       Paralysed         |       |       |       |       |       |       |     2 |       |       ||     2
       Distracted        |       |       |       |       |       |       |     1 |     1 |       ||     2
  Eat: Chunk             |     3 |     1 |    13 |    17 |    29 |    27 |    31 |    22 |    71 ||   214
       Ration            |       |     1 |     1 |     1 |     2 |     3 |     2 |     4 |    40 ||    54
Armor: Leather armour    |    17 |       |       |       |       |       |       |       |       ||    17
       Ring mail         |    15 |    79 |    28 |       |       |       |       |       |       ||   122
       Chain mail        |       |       |   218 |   249 |   690 |   589 |       |       |       ||  1746
       Plate armour      |       |       |       |       |       |   425 |   652 |   873 |       ||  1950
       Gold dragon scale |       |       |       |       |       |       |       |   293 |  3734 ||  4027
Dodge: Dodged            |    88 |    54 |    79 |   102 |   335 |   495 |   443 |   894 |  2645 ||  5135
       Deflected         |       |       |       |       |       |    36 |    31 |    50 |   158 ||   275
Block: Large shield      |       |   119 |   479 |   545 |  1643 |  2506 |  1962 |  2908 | 10210 || 20372
       Reflection        |       |       |       |       |       |       |       |       |    12 ||    12
